Map: Ulrena

Players

AcerBly (Bly) - Winner!

  • Race: Zerg Zerg
  • League: Grandmaster

Harstem

  • Race: Protoss Protoss
  • League: Platinum

Event: Homestory Cup XII

VOD

Have the link to the VOD?

Description

Time

  • Played on: Dec. 18, 2015, 7:59 a.m.
  • Length: 9:22

All games in this series

Show
View Real Time Build Order
Export as new Build Order

AcerBly Zerg - Winner!

Build Orders: Hatch First, Lurkers 

Get SALT Encoding   

  12  0:00  Drone  
  13  0:12  Overlord  
  13  0:17  Drone  
  14  0:31  Drone x2  
  17  0:35  Drone  
  17  0:53  Hatchery  
  16  1:05  Spawning Pool  
  16  1:08  Drone  
  16  1:12  Drone  
  16  1:15  Drone  
  18  1:22  Drone  
  19  1:49  Hatchery  
  19  1:54  Zergling x6  
  21  2:06  Queen  
  23  2:08  Zergling x2  
  23  2:14  Drone  
  25  2:18  Drone x2  
  27  2:26  Queen  
  27  2:27  Extractor  
  27  2:28  Overlord  
  29  2:45  Overlord  
  29  2:47  Overlord  
  28  2:55  Drone x3  
  31  3:00  Drone x2  
  31  3:03  Queen  
  31  3:04  Drone  
  35  3:06  Extractor  
  35  3:07  Extractor  
  35  3:11  Drone  
  35  3:12  Drone  
  34  3:15  Drone  
  35  3:21  Drone x4  
  35  3:25  Drone  
  40  3:34  Zergling x6  
  40  3:36  Drone  
  40  3:39  Drone x3  
  46  3:44  Zergling x4  
  45  3:57  Drone x4  
  45  3:58  Drone  
  48  4:05  Queen  
  49  4:10  Metabolic Boost  
  49  4:14  Drone x2  
  51  4:19  Drone  
  52  4:25  Drone x5  
  52  4:30  Roach Warren  
  56  4:31  Extractor  
  55  4:41  Lair  
  55  4:44  Overlord  
  55  4:46  Drone x2  
  55  4:48  Overlord x2  
  57  4:59  Zergling x2  
  58  5:00  Overlord  
  58  5:07  Overlord  
  58  5:08  Drone x4  
  58  5:09  Drone x3  
  58  5:11  Drone  
  58  5:13  Extractor  
  65  5:18  Roach x5  
  65  5:20  Drone x2  
  77  5:25  Drone  
  78  5:30  Drone x3  
  81  5:40  Overlord  
  81  5:43  Drone x2, Spire  
  81  5:48  Extractor  
  81  5:49  Drone x2, Extractor  
  82  5:50  Drone  
  82  5:52  Ravager  
  82  5:53  Ravager  
  82  5:55  Hydralisk Den  
  82  5:56  Drone x2  
  86  5:58  Drone  
  86  6:01  Hatchery  
  86  6:05  Drone x2  
  86  6:06  Drone  
  86  6:07  Overlord  
  84  6:23  Overlord  
  84  6:24  Overseer  
  84  6:27  Lurker Den  
  84  6:28  Hydralisk  
  84  6:29  Hydralisk x5  
  96  6:36  Ravager  
  96  6:37  Zergling x6  
  100  6:53  Hatchery  
  93  6:55  Roach x5  
  93  6:59  Mutalisk x2  
  93  7:00  Mutalisk  
  107  7:01  Drone  
  107  7:02  Drone x6  
  114  7:13  Mutalisk x2  
  114  7:15  Extractor  
  117  7:18  Extractor  
  117  7:21  Mutalisk  
  118  7:24  Zergling x10  
  118  7:25  Zergling x6  
  118  7:26  Overseer  
  126  7:39  Overlord  
  126  7:40  Overlord x2  
  124  7:46  Overlord  
  124  7:47  Overlord x3  
  124  8:00  Hydralisk  
  124  8:01  Hydralisk x3  
  132  8:12  Lurker x6  
  138  8:17  Drone x2  
  138  8:18  Drone x4  
  144  8:20  Hydralisk x3  
  144  8:21  Hydralisk x2  
  154  8:29  Overlord  
  154  8:33  Zergling x4  
  154  8:34  Zergling x8  
  159  8:35  Overseer  
  159  8:39  Extractor  
  159  8:40  Extractor  
Show
View Real Time Build Order
Export as new Build Order

Harstem Protoss 

Build Orders: 1 Gate Expand 

Get SALT Encoding   

  12  0:00  Probe (Chrono Boost)  
  13  0:11  Probe (Chrono Boost)  
  14  0:18  Pylon  
  14  0:22  Probe (Chrono Boost)  
  15  0:36  Probe (Chrono Boost)  
  15  0:37  Gateway  
  16  0:46  Probe (Chrono Boost)  
  17  0:57  Probe (Chrono Boost)  
  18  1:13  Nexus  
  18  1:24  Gateway  
  18  1:27  Assimilator  
  18  1:38  Cybernetics Core  
  18  1:39  Probe (Chrono Boost)  
  19  1:50  Probe (Chrono Boost)  
  20  2:00  Probe (Chrono Boost)  
  20  2:01  Pylon  
  21  2:03  Assimilator  
  21  2:11  Probe (Chrono Boost)  
  22  2:19  Adept x2 (Chrono Boost)  
  22  2:22  Probe (Chrono Boost)  
  27  2:26  Probe (Chrono Boost)  
  28  2:30  Warp Gate (Chrono Boost)  
  28  2:35  Probe (Chrono Boost)  
  29  2:39  Probe  
  30  2:53  Probe (Chrono Boost)  
  30  2:56  Adept x2  
  35  3:02  Probe (Chrono Boost)  
  35  3:05  Probe (Chrono Boost)  
  38  3:13  Probe (Chrono Boost)  
  38  3:17  Pylon  
  38  3:35  Probe x2 (Chrono Boost)  
  38  3:36  Sentry, Adept  
  44  3:42  Pylon  
  44  3:46  Mothership Core (Chrono Boost)  
  46  3:59  Probe (Chrono Boost)  
  45  4:04  Probe (Chrono Boost)  
  45  4:09  Probe (Chrono Boost)  
  47  4:11  Nexus  
  47  4:15  Probe (Chrono Boost)  
  50  4:20  Probe (Chrono Boost), Twilight Council  
  50  4:22  Pylon  
  51  4:27  Probe (Chrono Boost)  
  50  4:34  Adept x2  
  54  4:41  Gateway  
  54  4:45  Probe (Chrono Boost)  
  56  4:48  Assimilator  
  56  4:49  Probe (Chrono Boost)  
  56  4:50  Forge  
  56  4:58  Probe (Chrono Boost)  
  56  4:59  Resonating Glaives (Chrono Boost)  
  55  5:00  Probe (Chrono Boost)  
  55  5:05  Adept  
  58  5:09  Probe (Chrono Boost)  
  58  5:11  Robotics Facility  
  58  5:12  Probe (Chrono Boost)  
  60  5:14  Assimilator  
  60  5:16  Sentry, Protoss Ground Weapons Level 1 (Chrono Boost)  
  62  5:21  Pylon, Phoenix  
  62  5:22  Probe x2  
  62  5:23  Probe  
  65  5:29  Sentry  
  65  5:32  Probe  
  65  5:34  Probe  
  65  5:35  Probe  
  70  5:36  Pylon  
  70  5:42  Adept  
  72  5:43  Probe  
  72  5:46  Probe  
  72  5:47  Probe  
  72  5:49  Adept  
  77  5:52  Pylon  
  77  5:53  Probe  
  78  5:58  Probe  
  78  5:59  Probe  
  78  6:00  Pylon  
  80  6:04  Probe  
  80  6:05  Adept x2  
  80  6:07  Observer (Chrono Boost)  
  80  6:10  Probe  
  87  6:15  Sentry  
  89  6:23  Warp Prism (Chrono Boost)  
  89  6:25  Gateway  
  91  6:27  Gateway  
  91  6:28  Probe  
  91  6:29  Gateway  
  91  6:30  Probe  
  93  6:38  Blink (Chrono Boost)  
  93  6:39  Stalker x3  
  99  6:43  Probe  
  99  6:44  Probe  
  97  6:55  Probe x2  
  97  6:56  Probe, Protoss Ground Weapons Level 2  
  97  6:58  Gateway  
  97  7:00  Pylon  
  92  7:02  Gateway  
  92  7:07  Adept x3  
  99  7:08  Robotics Bay  
  99  7:11  Assimilator  
  99  7:13  Assimilator  
  98  7:17  Observer  
  99  7:24  Stalker  
  99  7:27  Stalker x3  
  107  7:31  Pylon  
  107  7:32  Stalker, Pylon  
  107  7:34  Pylon  
  107  7:36  Probe  
  110  7:40  Pylon  
  104  7:45  Stalker, Stargate  
  104  7:49  Stalker  
  106  7:53  Stalker  
  106  7:54  Stalker  
  106  7:57  Photon Cannon  
  110  7:59  Pylon  
  109  8:06  Stalker x2  
  111  8:13  Probe  
  111  8:16  Probe  
  111  8:18  Probe  
  114  8:25  Probe  
  115  8:28  Probe  
  115  8:29  Robotics Bay  
  115  8:30  Probe  
  117  8:37  Probe  
  117  8:39  Phoenix (Chrono Boost)  
  117  8:40  Probe  
  121  8:43  Probe  
  121  8:47  Adept x3  
  128  8:49  Nexus  
  128  8:50  Adept, Pylon  
  123  9:00  Stalker x3  
  115  9:08  Stalker  
  115  9:09  Stalker x2  
Tags
 
Add a new tag
Caveats
  • Supply blocks, unpowered buildings, or Contaminate may cause inaccurate times.
  • Supply counts are checked every 10 seconds.